 Dungeon Crawl Stone Soup version 0.16-a0-2644-g5380ef8 (webtiles) character file.

56 Fiveotanaka the Conjurer (level 3, -3/21 HPs)
             Began as an Octopode Conjurer on Nov 23, 2014.
             Slain by a hobgoblin
             ... wielding a +0 club
              (4 damage)
             ... on level 2 of the Dungeon.
             The game lasted 00:04:45 (1404 turns).

Fiveotanaka the Conjurer (Octopode Conjurer)        Turns: 1404, Time: 00:04:45

Health: -3/21      AC:  1    Str:  7    XL:     3   Next: 97%
Magic:  8/8        EV: 12    Int: 18    God:
Gold:   49         SH:  0    Dex: 12    Spells: 1 memorised, 7 levels left

rFire  . . .     SeeInvis .     e - +0 club
rCold  . . .     Clarity  .     (no shield)
rNeg   . . .     SustAb   .     (helmet restricted)
rPois  .         Gourm    .     (no amulet)
rElec  .         Spirit   .     (no ring)
rCorr  .         Warding  .     (no ring)
rMut   .         Stasis   .     (no ring)
MR     .....                    (no ring)
Stlth  ++........               (no ring)
                                (no ring)
                                (no ring)
                                (no ring)

@: confused, lethally poisoned, not resistant to hostile enchantments,
unstealthy
A: almost no armour, amphibious, 8 rings, constrict 8, camouflage 1, gelatinous
body 1
a: no special abilities


You were on level 2 of the Dungeon.
You were not hungry.

You visited 1 branch of the dungeon, and saw 2 of its levels.

You collected 49 gold pieces.

Inventory:

Hand weapons
 e - a +0 club (weapon)
Missiles
 f - 18 stones (quivered)
Scrolls
 d - 2 scrolls of identify {unknown}
 k - 3 scrolls of random uselessness {unknown}
Potions
 a - a potion of confusion
Books
 c - a book of Conjurations

   Spells                             Type                      Level
   *Magic Dart                        Conjuration                  1
   Searing Ray                        Conjuration                  2
   Dazzling Spray                     Conjuration/Hexes            3
   Fulminant Prism                    Conjuration/Hexes            4
   Iskenderun's Mystic Blast          Conjuration                  4
   Iskenderun's Battlesphere          Conjuration/Charms           5
Comestibles
 b - 2 bread rations
 g - a beef jerky
 i - 2 chunks of flesh
 j - a meat ration


   Skills:
 - Level 2.0 Dodging
 * Level 4.0 Stealth
 + Level 3.1 Spellcasting
 + Level 4.1 Conjurations


You had 7 spell levels left.
You knew the following spells:

 Your Spells              Type           Power        Failure   Level  Hunger
a - Magic Dart            Conj           ###.         3%          1    None


Dungeon Overview and Level Annotations

Branches:
Dungeon (2/15)

Altars:


Innate Abilities, Weirdness & Mutations

You cannot wear most types of armour.
You are amphibious.
You can wear up to eight rings at the same time.
You can use your tentacles to constrict many enemies at once.
Your skin changes colour to match your surroundings (Stealth).
Your rubbery body absorbs attacks (AC +1).


Message History

You constrict the adder.
You feel sick. The adder bites you.
* * * LOW HITPOINT WARNING * * *
You hit the adder.
You kill the adder!
Drink which item? (? for menu, Esc to quit)
You are confused.
It was a potion of confusion.
The hobgoblin closely misses you.
Drink which item? (? for menu, Esc to quit)
Magic courses through your body.
It was a potion of magic.
* * * LOW HITPOINT WARNING * * *
You feel sick. The hobgoblin closely misses you.
You're too confused to cast spells.
Sorry, you're not good enough to have a special ability.
The hobgoblin barely misses you. The hobgoblin barely misses you.
You miss the hobgoblin.
The hobgoblin is moderately wounded.
* * * LOW HITPOINT WARNING * * *
You feel sick. The hobgoblin hits you with a club.
You die...

#...<.#.....# .
#.....#.....####..
#.....#...........
#.#.#.#............
#.#.#.#.g...g....)# .. #
#.#.#.#.#......##..
#...#.#.#.#.#.#......###.
#......<.†#.#.#..........
........@g...............
............#.#..........
############.#........##
...........###
#.#.##.....####
#.##.........
#.#######.... #.# #.... .
#####


You could see a hobgoblin.

Vanquished Creatures
  An adder (D:2)
  A worm (D:1)
  3 bats
  8 hobgoblins
  9 jackals
  A kobold (D:1)
  2 giant cockroaches (D:1)
  2 giant geckos (D:1)
  2 giant newts (D:1)
  2 goblins (D:1)
  4 rats (D:1)
35 creatures vanquished.

Notes
Turn   | Place    | Note
--------------------------------------------------------------
     0 | D:1      | Fiveotanaka, the Octopode Conjurer, began the quest for the Orb.
     0 | D:1      | Reached XP level 1. HP: 11/11 MP: 3/3
   348 | D:1      | Reached XP level 2. HP: 17/17 MP: 0/4
   646 | D:1      | Reached XP level 3. HP: 21/21 MP: 2/6
  1404 | D:2      | HP: 1/21 [poisoned by an adder]
  1404 | D:2      | Slain by a hobgoblin

Action                   || total
-------------------------++-------
Melee: Unarmed           ||     3
       Club              ||    19
 Cast: Magic Dart        ||    65
  Use: Potion            ||     2
  Eat: Chunk             ||     2
